Cogmind - Beta 14 @@@ ROGUE MODE // 2025.03.11 @ 09:46:44 Player: Skergy Result: Destroyed by TR-S9Q(R) with Subdweller Laser Performance ------------- Evolutions (0) 0 Regions Visited (2) 400 Robots Destroyed (27) 135 Value Destroyed (695) 695 Prototype IDs (0) 0 Alien Tech Used (0) 0 Bonus (0) 0 TOTAL SCORE: 1230 Bonus ------- None Cogmind --------- Core Integrity 0/250 Matter 102/300 Energy 88/100 System Corruption 0% Temperature Cool (6) Movement Rolling (110) Ox2 Location -10/Subcaves Parts ------- > --- POWER (1) -------- (None) > --- PROPULSION (2) --- Wheel > --- UTILITY (2) ------ Large Storage Unit Light Armor Plating > --- WEAPON (2) ------- Light Cannon Light Cannon > --- INVENTORY (15) --- Improved Ion Engine Improved Ion Engine Aluminum Leg Compact Wheel Sensor Array Signal Interpreter Signal Interpreter Hacking Suite Riot Gun Particle Cannon Particle Cannon Subdweller Shrapnel Launcher Mining Laser Peak State ------------ > --- POWER ------------ Improved Ion Engine > --- PROPULSION ------- Wheel Wheel > --- UTILITY ---------- Large Storage Unit Makeshift Kinetic Plating > --- WEAPON ----------- Light Cannon Subdweller Shrapnel Launcher > --- INVENTORY -------- Improved Ion Engine Improved Ion Engine Aluminum Leg Compact Wheel Sensor Array Signal Interpreter Signal Interpreter Light Armor Plating Hacking Suite Riot Gun Particle Cannon Particle Cannon Light Cannon Mining Laser [Rating: 14] Favorites ----------- Power Ion Engine Engine Ion Engine Propulsion Light Treads Treads Light Treads Wheel Wheel Utility Large Storage Unit Device Sensor Array Storage Large Storage Unit Protection Makeshift Kinetic Plating Weapon Light Cannon Energy Gun EM Pulse Gun Ballistic Gun Assault Rifle Ballistic Cannon Light Cannon Launcher Subdweller Shrapnel Launcher Build | -11 -10 -10 ------- Run | Yrd Mat Sub Slots Evolved . | . . . Power . | . . . Propulsion . | . . . Utility . | . . . Weapon . | . . . Parts Attached 17 | 6 5 6 Power 2 | 1 1 . Engine 2 | 1 1 . Core . | . . . Reactor . | . . . Propulsion 4 | 2 . 2 Treads 2 | 2 . . Leg . | . . . Wheel 2 | . . 2 Hover . | . . . Flight . | . . . Utility 5 | 1 2 2 Device 1 | . 1 . Storage 2 | 1 1 . Processor . | . . . Hackware . | . . . Protection 2 | . . 2 Artifact . | . . . Weapon 6 | 2 2 2 Energy Gun 1 | 1 . . Energy Cannon . | . . . Ballistic Gun 1 | 1 . . Ballistic Cannon 3 | . 2 1 Launcher 1 | . . 1 Special Weapon . | . . . Impact Weapon . | . . . Slashing Weapon . | . . . Piercing Weapon . | . . . Special Melee Weapon . | . . . Unidentified Prototypes . | . . . Parts Lost 8 | . 2 6 Power 1 | . . 1 Propulsion 3 | . . 3 Utility 1 | . . 1 Weapon 3 | . 2 1 Highest Loss Streak 4 | . 2 4 To Critical Strikes . | . . . Average Slot Usage (%) 95 | . 95 94 Engine 13 | . 14 12 Treads 25 | . 28 11 Wheel 1 | . . 13 Device 9 | . 10 8 Storage 14 | . 14 14 Energy Gun 4 | . 4 . Ballistic Gun 4 | . 4 . Ballistic Cannon 19 | . 18 26 Peak Build Rating 14 | 6 10 14 Average Rating 8 | 3 8 10 On Entrance 5 | . 6 10 Naked Turns . | . . . Heaviest Build 45 | 14 34 45 Greatest Support 40 | 40 40 40 Greatest Overweight (x) 2 | . . 2 Average Overweight (x) . | . . . Largest Inventory Capacity 15 | 8 15 15 Average Capacity 14 | 7 14 15 Most Carried 15 | 6 15 15 Average Carried 12 | 3 12 14 Final Capacity 15 | 8 15 15 Final Carried 15 | 6 15 13 Class Distribution -------------------- 100% | Mutant Dominant Class ---------------- Mutant | -10/Materials Mutant | -10/Subcaves Resources | -11 -10 -10 ----------- Run | Yrd Mat Sub Matter Collected 648 | 188 336 124 Remotely . | . . . Salvage Created 580 | . 562 18 Parts 45 | . 43 2 Haulers Intercepted . | . . . Recyclers Shooed . | . . . Parts Field Recycled . | . . . Retrieved Matter . | . . . Parts Self-Destructed . | . . . Prevented . | . . . Kills | -11 -10 -10 ------- Run | Yrd Mat Sub Combat Hostiles Destroyed 20 | . 16 4 Guns 11 | . 11 . Cannons 5 | . 4 1 AOE 4 | . 1 3 Classes Destroyed 6 | . 5 1 Worker 2 | . 2 . Operator 2 | . 2 . Watcher 3 | . 3 . Swarmer 6 | . 6 . Grunt 10 | . 10 . Subdweller 4 | . . 4 Best Kill Streak 8 | . 8 3 Combat Bots Only 3 | . 3 3 Max Kills in Single Turn 2 | . 2 2 Gunslinging 1 | . 1 . Exploded 2 | . 1 2 Melee . | . . . Uniques/NPCs Destroyed . | . . . Combat | -11 -10 -10 -------- Run | Yrd Mat Sub Hostile Shots Fired 105 | . 58 47 Missed 32 | . 20 12 Damage Taken 1326 | . 494 832 Core 256 | . 128 128 Absorbed by Shields . | . . . Ignored by Resistances 23 | . . 23 Core Remaining (%) 100 | 100 . . Volleys Fired 71 | . 43 28 Largest 2 | . 2 2 Hottest 75 | . 70 75 Shots Fired 135 | . 86 49 Gun 52 | . 52 . Cannon 77 | . 34 43 Launcher 6 | . . 6 Special . | . . . Kinetic 109 | . 60 49 Thermal . | . . . Explosive . | . . . Electromagnetic 26 | . 26 . Robot Hit Streak 10 | . 10 6 Robot Miss Streak 3 | . 3 3 Penetration Max . | . . . Secondary Targets 2 | . 2 . Max Gunslinging Chain 1 | . 1 . Shots Hit Robots 89 | . 56 33 Core Hits 35 | . 25 10 Critical Kills . | . . . Critical Parts Destroyed . | . . . Critical Strikes . | . . . Melee Attacks . | . . . Impact . | . . . Slashing . | . . . Piercing . | . . . Sneak Attacks . | . . . Combat Hostiles . | . . . Follow-up Attacks . | . . . Damage Inflicted 2115 | . 1142 973 Guns 476 | . 476 . Cannons 918 | . 397 521 Explosions 721 | . 269 452 Melee . | . . . Ramming . | . . . Kinetic 1608 | . 635 973 Thermal . | . . . Explosive 269 | . 269 . Electromagnetic 238 | . 238 . Impact . | . . . Slashing . | . . . Piercing . | . . . Highest Corruption . | . . . Average Corruption . | . . . Corruption Purged . | . . . Corruption Blocked . | . . . Overload Shots . | . . . Overflow Damage 197 | . 188 9 Projectiles 12 | . 12 . Explosions 185 | . 176 9 Melee . | . . . Knockbacks 8 | . 3 5 Impact . | . . . Kinetic 8 | . 3 5 Secondary . | . . . Self-Inflicted Damage 128 | . 75 53 Shots 2 | . 1 1 Rammed . | . . . Targets Rammed . | . . . Kicked . | . . . Crushed . | . . . Highest Temperature 466 | . 78 466 Average Temperature 64 | . 30 253 Received Heat Transfer 834 | . 210 624 Effects 2 | . . 2 Shutdowns 1 | . . 1 Interference 1 | . . 1 Siege Activations . | . . . Robots Corrupted . | . . . Combat Hostiles . | . . . Parts Fried . | . . . Impact Corruptions . | . . . Robots Melted . | . . . Combat Hostiles . | . . . Parts Melted . | . . . Heat Transferred . | . . . Parts Sabotaged . | . . . Parts Stolen . | . . . Parts Stripped . | . . . Power Chain Reactions . | . . . Alert | -11 -10 -10 ------- Run | Yrd Mat Sub Peak Influence 306 | . 306 . Initial . | . . . Average 182 | . 193 . Maximum Alert Level 1 | . 1 . Low Security (%) 51 | 100 48 . Level 1 48 | . 51 . Level 2 . | . . . Level 3 . | . . . Level 4 . | . . . Level 5 . | . . . High Security . | . . . Max Security . | . . . Squads Dispatched 4 | . 4 . Investigation . | . . . Extermination . | . . . Reinforcement 4 | . 4 . Assault . | . . . Garrison . | . . . Intercept . | . . . Searches Triggered . | . . . Construction Impeded . | . . . Haulers Reinforced . | . . . Active Scanning Responses . | . . . Cargo Convoy Interrupts . | . . . Stealth | -11 -10 -10 --------- Run | Yrd Mat Sub Distress Signals . | . . . Communications Jammed . | . . . Distress Signals . | . . . Times Spotted 30 | . 24 6 Peak Tracking Total 3 | . 3 2 Tactical Retreats . | . . . Traps | -11 -10 -10 ------- Run | Yrd Mat Sub Traps Triggered . | . . . Indirectly . | . . . Trap Hack Attempts . | . . . Triggered . | . . . Disarmed . | . . . Reprogrammed . | . . . Reused . | . . . Traps Extracted . | . . . Installed . | . . . Triggered . | . . . Machines | -11 -10 -10 ---------- Run | Yrd Mat Sub Machines Disabled 4 | . 4 . Max in Single Turn 1 | . 1 . Machines Repaired . | . . . Machines Dismantled . | . . . Machines Sabotaged . | . . . Overloaded Fab Kills . | . . . Hacking | -11 -10 -10 --------- Run | Yrd Mat Sub Machines Accessed 4 | . 4 . Terminals 4 | . 4 . Fabricators . | . . . Repair Stations . | . . . Recycling Units . | . . . Scanalyzers . | . . . Garrison Access . | . . . Total Hacks 10 | . 10 . Successful 5 | . 5 . Failed 5 | . 5 . Catastrophic . | . . . Database Lockouts . | . . . Manual 10 | . 10 . Terminals 10 | . 10 . Fabricators . | . . . Repair Stations . | . . . Recycling Units . | . . . Scanalyzers . | . . . Garrison Access . | . . . Terminal Hacks . | . . . Fabricator Hacks . | . . . Repair Station Hacks . | . . . Recycling Unit Hacks . | . . . Scanalyzer . | . . . Garrison Access Hacks . | . . . Unauthorized Hacks 5 | . 5 . Terminals 5 | . 5 . Assimilate 1 | . 1 . Botnet 4 | . 4 . Fabricators . | . . . Repair Stations . | . . . Recycling Units . | . . . Scanalyzers . | . . . Garrison Access . | . . . Data Cores Recovered . | . . . Used . | . . . Hacking Detections 4 | . 4 . Full Trace Events . | . . . Feedback Events . | . . . Feedback Blocked . | . . . Robot Schematics Acquired . | . . . Robots Built . | . . . Authchips . | . . . Time . | . . . Total Robot Build Rating . | . . . Part Schematics Acquired . | . . . Parts Built . | . . . Authchips . | . . . Time . | . . . Total Part Build Rating . | . . . Parts Repaired . | . . . Time . | . . . Parts Recycled . | . . . Recycled Matter . | . . . Retrieved Matter . | . . . Retrieved Components . | . . . Parts Scanalyzed . | . . . Part Schematics Acquired . | . . . Parts Damaged . | . . . Bothacking | -11 -10 -10 ------------ Run | Yrd Mat Sub Used RIF Installer . | . . . Robots Hacked . | . . . Non-combat . | . . . Combat . | . . . Robot Hacks Applied . | . . . Relay Couplers Released . | . . . Fabnet Peak Effective % . | . . . Robots Rewired . | . . . Allies Hacked . | . . . Hacks Repelled . | . . . Allies | -11 -10 -10 -------- Run | Yrd Mat Sub Total Allies . | . . . Largest Group . | . . . Highest-Rated Group . | . . . Highest-Rated Ally . | . . . Total Orders . | . . . Ally Attacks . | . . . Total Damage . | . . . Kills . | . . . Allies Corrupted . | . . . Allies Melted . | . . . Intel | -11 -10 -10 ------- Run | Yrd Mat Sub Robot Analysis Total . | . . . Derelict Logs Recovered 1 | . . 1 Drone Launches . | . . . Drone Recoveries . | . . . Exploration | -11 -10 -10 ------------- Run | Yrd Mat Sub Turns Passed 1450 | 71 1190 189 Spaces Moved 734 | 37 613 84 Core 2 | 2 . . Treads 683 | 35 613 35 Legs . | . . . Wheels 49 | . . 49 Hover . | . . . Flight . | . . . Fastest Speed 50 | 50 160 95 Average Speed 155 | 154 160 123 Slowest Speed 240 | 160 160 240 Overloaded Moves . | . . . Propulsion Burnouts . | . . . Robots Hopped . | . . . Cave-ins Triggered . | . . . Exploration Rate (%) 36 | 4 95 11 Regions Visited 2 Branch Regions 1 Pre-discovered Areas 1 | . . 1 Known Exits Taken . | . . . Unknown Exits Taken 2 | 1 1 . Scrap Searched 5 | . . 5 Spaces Dug . | . . . Terrain Destroyed 86 | . 25 61 Melee . | . . . Projectile 1 | . 1 . AOE 85 | . 24 61 Terrain Rammed . | . . . Walls Destroyed . | . . . Machines Disabled . | . . . Actions | -11 -10 -10 --------- Run | Yrd Mat Sub Total 912 | 48 742 122 Wait 56 | . 56 . Move 732 | 36 612 84 Hop . | . . . Pick Up 25 | 6 17 2 Fast Attach 9 | 6 2 1 Attach 6 | . 2 4 Detach 2 | . 1 1 Swap 2 | . 1 1 Drop 9 | . 8 1 Fire 71 | . 43 28 Melee . | . . . Ram . | . . . Kick . | . . . Crush . | . . . Escape Stasis . | . . . Rewire . | . . . Trap . | . . . Miscellaneous . | . . . Route ------- -11/Scrapyard -10/Materials (discovered 6 exits: [*Mat x3] / [*Min x2] / [*Sub]) -10/Subcaves History --------- Turn | Location | Event 9 | -11/Scrapyard | Discovered new exit (range 15) 72 | -11/Scrapyard | Entered Materials 209 | -10/Materials | Discovered new exit (range 9) 275 | -10/Materials | Discovered new exit (range 3) 331 | -10/Materials | Build established: Mutant 382 | -10/Materials | Discovered new exit (range 11) 510 | -10/Materials | Core integrity fell below 50% 587 | -10/Materials | Discovered new exit (range 16) 729 | -10/Materials | Discovered new exit (range 6) 1074 | -10/Materials | Discovered new exit (range 16) 1262 | -10/Materials | Entered Subcaves 1264 | -10/Subcaves | Learned location of Storage (-9) 1313 | -10/Subcaves | Disturbed a concealed Subdweller 1435 | -10/Subcaves | Core integrity fell below 20% 1451 | -10/Subcaves | Destroyed by TR-S9Q(R) with Subdweller Laser Last Messages --------------- 01383_ Dropped Particle Cannon. 01384_ Acquired Sub. Shrapnel Launcher. 01415_ 2N-HLO(R) knocked back. 01422_ Critical hit (Meltdown: +260). 01423_ Lgt. Cannon destroyed. 01424_ Critical hit (Meltdown: +250). 01426_ Power failure, Imp. Ion Engine shutdown. 01428_ Overheating: System interference. 01428_ Lgt. Cannon temporarily disabled. 01428_ 2N-HLO(R) destroyed. 01428_ QX-TOK(R) destroyed. 01435_ 71-17U(R) destroyed. 01436_ Imp. Ion Engine destroyed. 01437_ Wheel destroyed. 01437_ Destroyed Wheel. 01437_ Mak. Kinetic Plating destroyed. 01437_ Destroyed Mak. Kinetic Plating. 01440_ HG-QKP(R): "ARGHSUB!" 01442_ Sub. Shrapnel Launcher shoots sparks and powers down. 01448_ TR-S9Q(R) knocked back. Map ----- +----------------------------------------------------+ | ?????????????????????????????????##"[###?????????? | | ?????????????????????????????????###[]#??????????? | | ?????????????????????????????????# #%###?????????? | | ?????????????????????????????????# %" #?????????? | | ????????????????????????????????## ! ##????????? | | ???????????????????????????????## ###??????? | | ???????????????????????????????# #???#### | | ??????????????????????????????## #??## | | ???????????????????????????#### #### | | ??????????????????????????## | | ??????????????????????????# ## | | ??????????????????????????# ### ## | | ??????????????????????????## #?# ### ### | | ???????????????????????????## #####?# #?# | | ????????????????????????????## ####?# ### | | ?????????????????????????????# ### | | ?????????????????????????????## # | | ?????????????????????????????## ### | | ???????????????????????????### ##?## | | ???????????????????????????# ## #??## | | ?????????????????##????###### ### #??# | | ????????????????##;;#### ### #### ###??? | | ????????????????#;; ; ; #?# ##????? | | ????????????????# ##?# ###?????? | | ????????????????# ####??#####???????? | | ????????????????# & @ ####?????????????????? | | ????????????????# [ ; #????????????????????? | | ????????????????# / ;;#????????????????????? | | ????????????????# ; ;;#????????????????????? | | ????????????????# ; ##????????????????????? | | ???????????????# ?????????????????????? | | ???????????????## ?????????????????????? | | ????????????????#### ;#????????????????????? | | ???????????????????## * ;????????????????????? | | ????????????????????# %% % ????????????????????? | | ???????????????????? ????????????????????? | | ???????????????????? R% ;???????????????????? | | ??????????????????? ;???????????????????? | | ??????????????????? ;; R ???????????????????? | | ?????????????????????### ; ;;???????????????????? | | ???????????????????????? ; ?????????????????????? | | ?????????????????????????????????????????????????? | | ?????????????????????????????????????????????????? | | ?????????????????????????????????????????????????? | | ?????????????????????????????????????????????????? | | ?????????????????????????????????????????????????? | | ?????????????????????????????????????????????????? | | ?????????????????????????????????????????????????? | | ?????????????????????????????????????????????????? | | ?????????????????????????????????????????????????? | +----------------------------------------------------+ Best States ------------- Heat Dissipation 25 Energy Generation 12 Energy Capacity 265 Matter Stores 300 Matter Capacity 300 Sight Range 16 Robot Scan Range 14 Terrain Scan Density 10 Armor Coverage 150 Resistance: KI 10 Evasion (%) 41 Recoil Reduction 2 Item Schematics ----------------- None Robot Schematics ------------------ None Fabricated ------------ Nothing Alien Tech Used ----------------- None Achievements -------------- None Challenges ------------ None Game ------ Seed ZioniteUtilityBox Manual? 0 Play Time 00:12:32 Cumulative 65.7 hours Start 2025.03.11 @ 09:33:24 End 2025.03.11 @ 09:46:44 Sessions 1 Manual Loads 0 Difficulty Rogue Special Mode None Game No. 68 Rogue 68 Adventurer 0 Explorer 0 Win Type - Total 2 Types 2/0/0/0/0/0/0/0/0 Lore% 38 Gallery% 43 Achievement% 39 Wizard Run 0 Options --------- Layout 0 ASCII 0 Keyboard 1 Movement Numpad Keybinds 0 Fullscreen 1 Font 24/Terminus Map View 76x50 Zoom Use 0% Tactical HUD 1 Map Filters NONE Filters NONE Steam 1 RUN: 62364ce0-5b96-44ce-9ddd-d2ab94fc5cac